 Dungeon Crawl Stone Soup version 0.23-a0-635-g88ca12a7de (webtiles) character file.

184164 Maize the Executioner (level 17, 0/166 HPs)
             Began as a Minotaur Berserker on Dec 27, 2018.
             Was a High Priest of Trog.
             Slain by a shock serpent (10 damage)
             ... on level 4 of the Snake Pit.
             The game lasted 01:31:14 (35446 turns).

Maize the Executioner (Minotaur Berserker)         Turns: 35446, Time: 01:31:15

Health: 0/166      AC: 25    Str: 29    XL:     17   Next: 77%
Magic:  16/16      EV:  9    Int:  5    God:    Trog [*****.]
Gold:   2307       SH:  2    Dex: 10    Spells: 16/16 levels left

rFire    + . .     SeeInvis +   R - +8 frozen axe "Frostbite" {freezing cloud, *Noise +Fly rC+}
rCold    + + .     Gourm    .   (shield currently unavailable)
rNeg     + + +     Faith    .   h - +0 plate armour
rPois    +         Spirit   .   (helmet restricted)
rElec    +         Reflect  +   f - +2 cloak of Fof Lint {Int+3}
rCorr    .         Harm     .   N - +0 pair of gloves
MR       +++..     Rnd*Tele +   O - +0 pair of boots
Stlth    ..........             U - amulet "Neimeck" {Reflect *Drain +Blink rPois rN+++ SH+2}
HPRegen  1.37/turn              F - ring of Ophahex {rElec rC+ SInv Stlth+}
MPRegen  0.15/turn              i - ring "Hero's Friend" {+Fly rF+ rN+}

@: very slightly contaminated, regenerating
A: retaliatory headbutt, horns 2, see invisible, dopey 1, sense surroundings 1,
teleportitis 1, wild magic 1, evolution 1
a: Berserk, Trog's Hand, Brothers in Arms, Renounce Religion, Evoke Blink, Evoke
Flight


You were on level 4 of the Snake Pit.
You worshipped Trog.
Trog was extremely pleased with you.
You were not hungry.

You visited 5 branches of the dungeon, and saw 28 of its levels.
You also visited: Trove, Gauntlet and Volcano.

You collected 3238 gold pieces.
You spent 931 gold pieces at shops.

Inventory:

Hand Weapons
 H - a +3 antimagic executioner's axe
 J - the +1 battleaxe of Bloodstone {flame, rElec Int+4}
   (You bought it in a shop on level 11 of the Dungeon)

   It has been specially enchanted to burn those struck by it, causing extra
   injury to most foes and up to half again as much damage against particularly
   susceptible opponents.
   Big, fiery blades are also staple armaments of hydra-hunters.
   It affects your intelligence (+4).
   It insulates you from electricity.
 R - the +8 frozen axe "Frostbite" (weapon) {freezing cloud, *Noise +Fly rC+}
   (Trog gifted it to you on level 4 of the Lair of Beasts)

   It has been specially enchanted to freeze those struck by it, causing extra
   injury to most foes and up to half again as much damage against particularly
   susceptible opponents.
   It can also slow down cold-blooded creatures.
   It protects you from cold.
   It lets you fly.
   It may make noises in combat.
Missiles
 z - 27 tomahawks (quivered)
Armour
 f - the +2 cloak of Fof Lint (worn) {Int+3}
   (You found it in a Gauntlet)

   It affects your intelligence (+3).
 h - a +0 plate armour (worn)
 N - a +0 pair of gloves (worn)
 O - a +0 pair of boots (worn)
 Q - the +7 chain mail of Harra {*Slow rElec rF+ SInv}
   (You found it on level 6 of the Lair of Beasts)

   It protects you from fire.
   It insulates you from electricity.
   It lets you see invisible.
   It may slow you when you take damage.
Jewellery
 i - the ring "Hero's Friend" (right hand) {+Fly rF+ rN+}
   (You found it in a treasure trove)

   [ring of flight]

   It protects you from fire.
   It protects you from negative energy.
   It lets you fly.
 m - the ring "Qakawam" {rPois rF+ rC+ Dex+4}
   (You found it on level 4 of the Dungeon)

   [ring of poison resistance]

   It affects your dexterity (+4).
   It protects you from fire.
   It protects you from cold.
   It protects you from poison.
 q - the ring "Dotoroev" {+Blink rF++ Int+4}
   (You found it in a Gauntlet)

   [ring of intelligence]

   It affects your intelligence (+4).
   It greatly protects you from fire.
   It lets you blink.
 w - an uncursed ring of protection from fire
 F - the ring of Ophahex (left hand) {rElec rC+ SInv Stlth+}
   (You found it on level 6 of the Lair of Beasts)

   [ring of see invisible]

   It protects you from cold.
   It insulates you from electricity.
   It lets you see invisible.
   It makes you more stealthy.
 K - a +3 ring of strength
 M - an uncursed ring of resist corrosion
 P - an uncursed ring of protection from magic
 T - an uncursed ring of fire {unknown}
 U - the amulet "Neimeck" (around neck) {Reflect *Drain +Blink rPois rN+++ SH+2}
   (You found it in a treasure trove)

   [amulet of reflection]

   It shields you and reflects attacks.
   It protects you from poison.
   It renders you almost immune to negative energy.
   It lets you blink.
   It causes draining when unequipped.
   It affects your SH (+2).
 V - an uncursed ring of stealth {unknown}
 W - the ring of the Butterfly {rF- rC+ Dex+8 Stlth+}
   (You found it in a treasure trove)

   [ring of protection from cold]

   It affects your dexterity (+8).
   It makes you vulnerable to fire.
   It protects you from cold.
   It makes you more stealthy.
 Z - the ring "Gipestar" {*Corrode rF+ rN+ AC+3}
   (You found it in a treasure trove)

   [ring of protection]

   It affects your AC (+3).
   It protects you from fire.
   It protects you from negative energy.
   It may corrode you when you take damage.
Wands
 a - a wand of flame (20)
 l - a wand of clouds (6)
 n - a wand of paralysis (29)
 v - a wand of digging (5)
 A - a wand of enslavement (18)
 B - a wand of acid (7)
 D - a wand of random effects (51)
 I - a wand of iceblast (15)
Scrolls
 e - 15 scrolls of remove curse
 j - 10 scrolls of teleportation
 p - a scroll of magic mapping
 s - 5 scrolls of enchant weapon
 y - 4 scrolls of blinking
 C - a scroll of fog
 G - a scroll of holy word {unknown}
 S - a scroll of vulnerability {unknown}
 X - 2 scrolls of brand weapon {unknown}
Potions
 b - a potion of haste
 d - 7 potions of agility
 g - 10 potions of curing
 k - 7 potions of heal wounds
 o - 2 potions of lignification
 r - 6 potions of resistance
 t - 2 potions of magic
 u - a potion of cancellation {unknown}
 x - 2 potions of invisibility
 E - a potion of might {unknown}
 L - 4 potions of brilliance
Comestibles
 c - 51 rations


   Skills:
 + Level 18.7 Fighting
 * Level 24.6 Axes
 + Level 18.5 Armour
 - Level 2.1 Dodging


You had 16 spell levels left.
You didn't know any spells.
Your spell library was empty.

Dungeon Overview and Level Annotations

Branches:
Dungeon (15/15)            Temple (1/1) D:7            Lair (6/6) D:11
 Shoals (0/4) Lair:4        Snake (4/4) Lair:3        Slime (0/5) Lair:5
    Orc (2/2) D:10            Elf (0/3) Orc:2        Vaults (0/5) D:14
 Depths (0/5) D:15

Altars:
Gozag
Hepliaklqana
Kikubaaqudgha
Trog
Uskayaw
Wu Jian
Beogh
Jiyva

Shops:
D:4 [   D:11 }(*([   Orc:2 }:=(   Snake:1 *   Snake:2 ==}   Snake:4 }

Annotations:
Lair:6 exclusion: 5 oklob plants


Innate Abilities, Weirdness & Mutations

You reflexively headbutt those who attack you in melee.
You have a pair of horns on your head.
You have supernaturally acute eyesight. (SInv)
You are dopey. (Int -2)
You passively map a small area around you.
You are occasionally teleported next to monsters.
Your spells are a little harder to cast, but a little more powerful.
You evolve.


Message History

> or
i - the ring "Hero's Friend" {+Fly rF+ rN+} You remove the ring "Qakawam" {rPois rF+ rC+ Dex+4}.
F - the ring of Ophahex (left hand) {rElec rC+ SInv Stlth+} The shock serpent bites you.
* * * LOW HITPOINT WARNING * * *
The shock serpent shocks you. You resist.
* * * LOW HITPOINT WARNING * * *
You hit the shock serpent. You freeze the shock serpent.
Your headbutt misses the shock serpent.
The shock serpent is lightly wounded.
Your ogre completely misses the shock serpent.
The shock serpent is engulfed in freezing vapours.
The shock serpent closely misses you.
The shock serpent's electric aura discharges, shocking you!
You resist.
You miss the shock serpent.
The shock serpent is moderately wounded.
The shock serpent is engulfed in freezing vapours.
The shock serpent bites you!
You die...

≈≈≈§≈..## §§≈§≈≈§.# ≈§§§§≈≈≈.##
##### ≈≈≈≈§≈≈≈S.###...##
§≈≈≈§§≈≈≈≈.##.....##
≈≈≈≈§≈§≈≈≈)#[.|....#
≈≈§≈≈≈≈§≈≈)†).)..[.######
≈≈≈§≈§§≈≈≈(#).[O...#....########
≈≈§≈§§§§§..##..S@.##.[##........
≈§≈§≈§≈§≈.##'#)..##[((..........
.≈§§≈§≈≈§.#)(+#####)#.##'#######
.≈≈§§§≈S.##((.#§§§()#.....# ,
...§....##.(.##§≈§(.#.....#
##...S###...##§§§..##.....#
.######....##§§≈§.##......#
..........##§≈§§.##..###'##
.........##≈§§)[##..####'##


You could see a shock serpent and a friendly ogre (berserk).

Vanquished Creatures
  The ghost of Rudiyha the Executioner, an adept MiBe of Trog (Snake:1)
  Frances (D:12)
  10 nagarajas
  An orc warlord (Orc:1)
  A minotaur (Gauntlet)
  2 ogre magi (D:15)
  2 fire dragons
  8 vault guards (D:14)
  8 hydras
  19 naga warriors
  22 anacondas
  A death knight (D:12)
  2 centaur warriors
  6 death yaks (Lair:5)
  11 two-headed ogres
  4 orc high priests
  10 naga sharpshooters
  7 shock serpents
  Sonja (D:10)
  11 spriggans (Lair:6)
  4 salamander mystics (Snake:4)
  2 unseen horrors
  7 naga ritualists
  5 lindwurms
  Pikel (D:5)
  5 orc knights
  5 orc sorcerers
  8 mana vipers
  A wolf spider (Lair:2)
  11 ugly things
  2 cyclopes
  A shining eye (Gauntlet)
  6 salamanders
  5 manticores
  3 merfolk sirens (Lair:4)
  A moth of wrath (D:6)
  42 black mambas
  21 naga magi
  A smoke demon (Gauntlet)
  3 spiny frogs
  3 guardian serpents (Snake:4)
  3 gargoyles
  A torpor snail (shapeshifter) (D:15)
  2 kobold demonologists (D:15)
  A hellion (Gauntlet)
  4 rime drakes
  A minotaur zombie (Gauntlet)
  2 efreet
  6 komodo dragons
  A freezing wraith (D:12)
  9 polar bears
  A merfolk (Lair:4)
  7 trolls
  A queen bee (Lair:3)
  Grinder (D:5)
  24 blink frogs
  7 dream sheep (Lair:6)
  4 hornets (Lair:6)
  6 slime creatures (D:14)
  11 hippogriffs
  2 wraiths (D:12)
  5 shadows
  A basilisk (D:13)
  2 wyverns
  28 yaks
  A golden eye (Gauntlet)
  4 hogs (D:11)
  2 fire bats (Volcano)
  A human (D:11)
  3 steam dragons
  3 hungry ghosts
  2 vampire mosquitoes (D:13)
  5 wargs
  40 nagas
  An acid dragon (D:12)
  A swamp worm (shapeshifter) (D:13)
  2 hell hounds (Volcano)
  9 porcupines
  17 water moccasins
  39 orc warriors
  2 sky beasts
  3 slaves (D:5)
  A phantom (D:11)
  11 black bears
  A hornet zombie (D:10)
  8 ice beasts
  13 ogres
  5 boggarts (Lair:6)
  14 centaurs
  17 wolves
  7 crocodiles
  A big kobold (D:14)
  10 bullfrogs
  2 wyvern zombies
  2 gnoll sergeants
  A wyvern skeleton (D:12)
  3 scorpions
  9 wights
  20 killer bees
  6 howler monkeys
  3 electric eels
  7 crimson imps
  3 bullfrog zombies
  5 lava snakes (Volcano)
  2 centaur zombies
  A quasit (D:10)
  4 centaur skeletons
  5 hounds
  A wyvern simulacrum (D:9)
  A jelly (D:6)
  25 orc priests
  A bullfrog skeleton (D:7)
  34 orc wizards
  An iguana (D:11)
  10 worker ants
  A centaur simulacrum (D:9)
  5 hound zombies
  2 hound skeletons
  A killer bee simulacrum (D:9)
  2 worker ant zombies
  8 gnolls
  10 adders
  A hound simulacrum (D:9)
  A shadow imp (D:7)
  4 white imps (D:9)
  3 worker ant simulacra (D:9)
  An ooze (D:3)
  5 ufetubi
  2 adder zombies (D:3)
  2 adder skeletons
  An adder simulacrum (D:9)
  A dart slug (D:1)
  2 worms (D:6)
  6 leopard geckos
  99 orcs
  4 ball pythons
  6 giant cockroaches
  7 goblins
  11 hobgoblins
  5 jackals
  4 quokkas
  6 bats
  A frilled lizard (D:2)
  12 kobolds
  A quokka skeleton (D:6)
  2 quokka zombies (D:5)
  11 rats
  4 fungi
  5 plants
1000 creatures vanquished.

Vanquished Creatures (collateral kills)
  A naga warrior (Snake:2)
  An anaconda (Snake:4)
  A naga mage (Snake:2)
  2 nagas (Snake:2)
5 creatures vanquished.

Vanquished Creatures (others)
  A naga sharpshooter (Snake:4)
  A bush (Snake:2)
  3 fungi
  16 plants
  A withered plant (Gauntlet)
22 creatures vanquished.

Grand Total: 1027 creatures vanquished

Notes
Turn   | Place    | Note
-------+----------+-------------------------------------------
     0 | D:1      | Maize the Minotaur Berserker began the quest for the Orb.
     0 | D:1      | Reached XP level 1. HP: 19/19 MP: 0/0
   256 | D:1      | Reached skill level 4 in Axes
   263 | D:1      | Reached XP level 2. HP: 25/27 MP: 1/1
   555 | D:1      | Reached ** piety under Trog
   622 | D:2      | Reached XP level 3. HP: 33/33 MP: 2/2
  1396 | D:3      | Reached XP level 4. HP: 40/40 MP: 3/3
  1402 | D:3      | Reached skill level 5 in Axes
  1614 | D:3      | Reached XP level 5. HP: 38/47 MP: 4/4
  1842 | D:4      | Reached *** piety under Trog
  1872 | D:4      | Got a sparkling amber ring
  1873 | D:4      | Identified the ring "Qakawam" {rPois rF+ rC+ Dex+4} (You
                  | found it on level 4 of the Dungeon)
  1897 | D:4      | Reached skill level 6 in Axes
  1900 | D:4      | Reached skill level 5 in Fighting
  1965 | D:4      | Found Tashrexi's Antique Armour Shoppe.
  2002 | D:4      | Reached XP level 6. HP: 56/56 MP: 5/5
  2063 | D:4      | Found an ancient bone altar of Kikubaaqudgha.
  2220 | D:4      | Bought an embroidered cloak for 187 gold pieces
  2248 | D:5      | Entered Level 5 of the Dungeon
  2307 | D:5      | Noticed a slave
  2307 | D:5      | Noticed a slave
  2307 | D:5      | Noticed a slave
  2327 | D:5      | Killed a slave
  2336 | D:5      | Killed a slave
  2345 | D:5      | Killed a slave
  2352 | D:5      | Noticed Pikel
  2353 | D:5      | Noticed a slave
  2369 | D:5      | Killed Pikel
  2369 | D:5      | Reached skill level 8 in Axes
  2369 | D:5      | Reached skill level 5 in Armour
  2369 | D:5      | Reached XP level 7. HP: 47/63 MP: 6/6
  2753 | D:5      | Noticed Grinder
  2754 | D:5      | Paralysed by Grinder for 4 turns
  2770 | D:5      | Killed Grinder
  2770 | D:5      | Reached XP level 8. HP: 43/71 MP: 7/7
  2870 | D:5      | Reached skill level 9 in Axes
  3124 | D:6      | Found a hide-covered altar of Uskayaw.
  3425 | D:6      | Reached **** piety under Trog
  3507 | D:6      | Noticed a moth of wrath
  3509 | D:6      | Found a bloodstained altar of Trog.
  3537 | D:6      | Killed a moth of wrath
  3537 | D:6      | Reached skill level 10 in Axes
  3778 | D:7      | Found a staircase to the Ecumenical Temple.
  3819 | D:7      | Reached XP level 9. HP: 41/81 MP: 8/8
  3871 | Temple   | Entered the Ecumenical Temple
  4203 | D:7      | Reached skill level 11 in Axes
  5031 | D:8      | Reached ***** piety under Trog
  5494 | D:8      | Found a hazy altar of Hepliaklqana.
  5639 | D:8      | Reached skill level 12 in Axes
  5640 | D:8      | Found a roughly hewn altar of Beogh.
  6390 | D:9      | Noticed a polar bear
  6427 | D:9      | Reached XP level 10. HP: 86/91 MP: 9/9
  6553 | D:9      | Received a gift from Trog
  6870 | D:9      | Noticed a two-headed ogre
  6878 | D:9      | Killed a two-headed ogre
  6878 | D:9      | Reached skill level 10 in Fighting
  6878 | D:9      | Reached skill level 13 in Axes
  7203 | D:9      | Reached skill level 10 in Armour
  7569 | D:10     | Entered Level 10 of the Dungeon
  7605 | D:10     | Noticed a two-headed ogre
  7618 | D:10     | Killed a two-headed ogre
  7761 | D:10     | Reached skill level 14 in Axes
  7817 | D:10     | Noticed Sonja
  7827 | D:10     | Killed Sonja
  7827 | D:10     | Reached XP level 11. HP: 101/101 MP: 10/10
  8228 | D:10     | Got a pitted quarterstaff
  8229 | D:10     | Identified the +12 quarterstaff of Duty {venom, rN+++ Int+9
                  | Dex-2 Stlth-} (You found it on level 10 of the Dungeon)
  8394 | D:10     | Found a staircase to the Orcish Mines.
  8519 | D:11     | Found Coimuaw's Weapon Boutique.
  8552 | D:11     | Found Uneong's Antique Weapon Shoppe.
  8557 | D:11     | Bought an iridescent battleaxe for 345 gold pieces
  8557 | D:11     | Identified the +1 battleaxe of Bloodstone {flame, rElec
                  | Int+4} (You bought it in a shop on level 11 of the Dungeon)
  8587 | D:11     | Found a staircase to the Lair.
  8923 | D:11     | Found Quufixko's Assorted Antiques.
  9051 | D:11     | Found Xian's Armour Emporium.
  9435 | D:11     | Found a portal to a secret trove of treasure.
  9452 | D:11     | Reached skill level 15 in Axes
  9838 | D:11     | Found Nub Udyl's Gadget Shop.
 10115 | D:12     | Noticed Frances
 10123 | D:12     | Killed Frances
 10123 | D:12     | Received a gift from Trog
 10773 | D:13     | Noticed a four-headed hydra
 10783 | D:13     | Killed a one-headed hydra
 10783 | D:13     | Reached skill level 16 in Axes
 10783 | D:13     | Reached XP level 12. HP: 85/108 MP: 11/11
 10872 | D:12     | Noticed a death knight
 10886 | D:12     | Killed a death knight
 11213 | Lair:1   | Entered Level 1 of the Lair of Beasts
 11837 | Lair:1   | You fall through a shaft!
 11840 | Lair:2   | Found a gate leading to a gauntlet.
 11849 | Gauntlet | Entered a Gauntlet
 11849 | Gauntlet | Found a transporter.
 11854 | Gauntlet | Found a transporter.
 11855 | Gauntlet | Found a transporter.
 11868 | Gauntlet | Found a transporter.
 11870 | Gauntlet | Found a transporter.
 11875 | Gauntlet | Gained mutation: You are clumsy. (Dex -2) [potion of
                  | mutation]
 11875 | Gauntlet | Gained mutation: You are dopey. (Int -2) [potion of
                  | mutation]
 11875 | Gauntlet | Gained mutation: You are frail. (-10% HP) [potion of
                  | mutation]
 11875 | Gauntlet | Gained mutation: Your muscles are strong. (Str +2) [potion
                  | of mutation]
 11880 | Gauntlet | Found a transporter.
 11896 | Gauntlet | Found a transporter.
 11906 | Gauntlet | Found a transporter.
 11909 | Gauntlet | Noticed an entropy weaver
 11916 | Gauntlet | Found a transporter.
 11918 | Gauntlet | Noticed a ghost crab
 11950 | Gauntlet | Found a transporter.
 12019 | Gauntlet | Found a transporter.
 12035 | Gauntlet | Got a steaming cloak
 12142 | Gauntlet | Lost mutation: Your muscles are strong. (Str +2) [potion of
                  | mutation]
 12142 | Gauntlet | Lost mutation: You are frail. (-10% HP) [potion of
                  | mutation]
 12142 | Gauntlet | Gained mutation: You evolve. [potion of mutation]
 12142 | Gauntlet | Gained mutation: You have sharp toenails. [potion of
                  | mutation]
 12154 | Gauntlet | Identified the +2 cloak of Fof Lint {Int+3} (You found it
                  | in a Gauntlet)
 12163 | Gauntlet | Found a runed gate.
 12164 | Gauntlet | Found a runed gate.
 12169 | Gauntlet | Found a runed gate.
 12208 | Gauntlet | Lost mutation: You are clumsy. (Dex -2) [evolution]
 12231 | Gauntlet | Got a faintly glowing pewter ring
 12276 | Gauntlet | Identified the ring "Dotoroev" {+Blink rF++ Int+4} (You
                  | found it in a Gauntlet)
 12292 | Gauntlet | Identified the +4 quick blade of Entrepreneurial Spirit
                  | {elec, -Tele *Contam Dex+10 Stlth+}
 12292 | Gauntlet | Noticed a minotaur
 12300 | Gauntlet | Killed a minotaur
 12300 | Gauntlet | Reached skill level 17 in Axes
 12713 | Lair:2   | Noticed a four-headed hydra
 12719 | Lair:2   | Killed a two-headed hydra
 13487 | Lair:2   | Received a gift from Trog
 13533 | Lair:2   | Noticed a six-headed hydra
 13539 | Lair:2   | Killed a two-headed hydra
 13824 | Lair:3   | Found a dark tunnel.
 13841 | Volcano  | Entered a volcano
 13995 | Volcano  | Found a bloodstained altar of Trog.
 14002 | Volcano  | Reached XP level 13. HP: 83/122 MP: 12/12
 14018 | Volcano  | Noticed a fire dragon
 14026 | Volcano  | Killed a fire dragon
 14712 | Lair:3   | Found a staircase to the Snake Pit.
 14731 | Lair:3   | Gained mutation: You expend magic power (3 MP) to
                  | strengthen your wands. [evolution]
 14791 | Lair:3   | Reached skill level 18 in Axes
 15600 | Lair:4   | Found a staircase to the Shoals.
 15762 | Lair:4   | You fall through a shaft for 2 floors!
 15762 | Lair:6   | Entered Level 6 of the Lair of Beasts
 15782 | Lair:6   | Got a jewelled chain mail
 15793 | Lair:6   | Identified the +7 chain mail of Harra {*Slow rElec rF+
                  | SInv} (You found it on level 6 of the Lair of Beasts)
 16312 | Lair:6   | Reached ****** piety under Trog
 16671 | Lair:5   | Reached skill level 19 in Axes
 16701 | Lair:5   | Lost mutation: You are dopey. (Int -2) [evolution]
 17134 | Lair:4   | Received a gift from Trog
 17135 | Lair:4   | Found the +8 frozen axe "Frostbite" {freezing cloud, *Noise
                  | +Fly rC+}
 17299 | Lair:5   | Reached XP level 14. HP: 133/133 MP: 13/13
 17340 | Lair:5   | Found a viscous altar of Jiyva.
 17340 | Lair:5   | Found a staircase to the Slime Pits.
 18422 | Lair:6   | Reached skill level 15 in Fighting
 18757 | Lair:6   | Reached skill level 20 in Axes
 19101 | Lair:6   | Got a vibrating lapis lazuli ring
 19398 | Lair:6   | Identified the ring of Ophahex {rElec rC+ SInv Stlth+} (You
                  | found it on level 6 of the Lair of Beasts)
 19478 | Lair:1   | Received a gift from Trog
 19566 | Orc:1    | Entered Level 1 of the Orcish Mines
 19695 | Orc:1    | Paralysed by an orc sorcerer for 3 turns
 19697 | Orc:1    | Reached skill level 15 in Armour
 19961 | Orc:2    | Entered Level 2 of the Orcish Mines
 20620 | Orc:2    | Gained mutation: You are occasionally teleported next to
                  | monsters. [a neqoxec]
 20910 | Orc:2    | Found Gouxiam's Book Shop.
 20910 | Orc:2    | Found Ellazimp's Gadget Emporium.
 20917 | Orc:2    | Received a gift from Trog
 20918 | Orc:2    | Found Nuonuq's Antique Weapon Shop.
 20918 | Orc:2    | Found Couc's Jewellery Emporium.
 21416 | Orc:2    | Found a staircase to the Elven Halls.
 21621 | Orc:1    | Noticed an orc warlord
 21634 | Orc:1    | Killed an orc warlord
 22328 | D:11     | You paid a toll of +5 fire dragon scales to enter a
                  | treasure trove
 22329 | Trove    | Entered a treasure trove
 22329 | Trove    | Found the ring of the Octopus King
 22345 | Trove    | Got a clouded zirconium amulet
 22349 | Trove    | Got a twitching zirconium amulet
 22355 | Trove    | Got a heavily runed jade ring
 22362 | Trove    | Got a coiled turquoise ring
 22377 | Trove    | Identified the amulet of Grontol {Acrobat rF+ rC+ Int-5
                  | Dex-5 Stlth+} (You found it in a treasure trove)
 22380 | Trove    | Identified the amulet "Neimeck" {Reflect *Drain +Blink
                  | rPois rN+++ SH+2} (You found it in a treasure trove)
 22393 | Trove    | Identified the ring of the Butterfly {rF- rC+ Dex+8 Stlth+}
                  | (You found it in a treasure trove)
 22396 | Trove    | Identified the ring "Gipestar" {*Corrode rF+ rN+ AC+3} (You
                  | found it in a treasure trove)
 22401 | Trove    | Got a wavering wooden ring
 22405 | Trove    | Got a ring of the Octopus King
 22407 | Trove    | Identified the ring "Hero's Friend" {+Fly rF+ rN+} (You
                  | found it in a treasure trove)
 22409 | Trove    | Identified a ring of the Octopus King {AC+1 EV+1 Str+1
                  | Int+1 Dex+1 Stlth+} (You found it in a treasure trove)
 22929 | D:13     | Reached XP level 15. HP: 138/143 MP: 14/14
 23203 | D:14     | Reached skill level 21 in Axes
 23211 | D:14     | Found a gate to the Vaults.
 23945 | D:15     | Entered Level 15 of the Dungeon
 24838 | D:15     | Received a gift from Trog
 25055 | D:14     | Gained mutation: You have supernaturally acute eyesight.
                  | (SInv) [evolution]
 25357 | D:15     | Reached skill level 22 in Axes
 25603 | D:15     | Found a staircase to the Depths.
 25603 | D:15     | Paralysed by a floating eye for 2 turns
 25822 | Snake:1  | Entered Level 1 of the Snake Pit
 25831 | Snake:1  | Found Lukoix's Assorted Antiques.
 25853 | Snake:1  | Bought a potion of curing for 114 gold pieces
 25853 | Snake:1  | Bought a scroll of blinking for 285 gold pieces
 25936 | Snake:1  | Found a large runed door.
 25936 | Snake:1  | Found a large runed door.
 25936 | Snake:1  | Noticed Rudiyha's ghost (adept MiBe)
 25960 | Snake:1  | Killed Rudiyha's ghost
 26137 | Snake:1  | Reached XP level 16. HP: 146/154 MP: 15/15
 26618 | Snake:1  | Lost mutation: You expend magic power (3 MP) to strengthen
                  | your wands. [potion of mutation]
 26618 | Snake:1  | Lost mutation: You have sharp toenails. [potion of
                  | mutation]
 26618 | Snake:1  | Gained mutation: You are dopey. (Int -2) [potion of
                  | mutation]
 26618 | Snake:1  | Gained mutation: Your spells are a little harder to cast,
                  | but a little more powerful. [potion of mutation]
 26618 | Snake:1  | Gained mutation: You passively map a small area around you.
                  | [potion of mutation]
 28943 | Snake:2  | Reached skill level 23 in Axes
 28987 | Snake:2  | Found an ornate altar of the Wu Jian Council.
 29010 | Snake:2  | HP: 3/155 [anaconda (10)]
 29765 | Snake:2  | Found Jissuin's Jewellery Shoppe.
 29766 | Snake:2  | Found Gecuxki's Gadget Shop.
 29768 | Snake:2  | Found Ryorr's Jewellery Shoppe.
 29895 | Snake:2  | Found a runed gate.
 29895 | Snake:2  | Found a runed gate.
 29895 | Snake:2  | Found a runed gate.
 31848 | Snake:3  | Reached XP level 17. HP: 108/163 MP: 16/16
 32332 | Snake:4  | Entered Level 4 of the Snake Pit
 32332 | Snake:4  | Found Horiamni's Gadget Boutique.
 32839 | Snake:4  | Reached skill level 24 in Axes
 33019 | Snake:4  | Received a gift from Trog
 33517 | Snake:4  | Found an opulent altar of Gozag.
 35444 | Snake:4  | HP: 8/166 [shock serpent (4)]
 35446 | Snake:4  | Slain by a shock serpent

Vault maps used:
D:1:      nzn_arrival_settlement
D:2:      serial_park_tiny_pond, st_stairs_11, roderic_cross_of_infinity,
          minmay_tetromino_s4
D:3:      first_ration, serial_undead, serial_undead_b, serial_undead_c,
          serial_undead_c, serial_undead_b, kennysheep_generic_room_14
D:4:      kiku_gazebo_pond_becter, serial_shops, shop,
          chequers_serial_rivers_micro_d
D:5:      corexii_hall_statues_l, minmay_hedge_maze, minivault_4,
          minmay_door_square, uniq_pikel, uniq_grinder
D:6:      tgw_trog, eat_drink_and_be_merry_uskayaw, grunt_decor_one_mirror
D:7:      minmay_temple_entry_trees, serial_park_tiny_pond
D:8:      lemuel_coloured_pillars_altar, special_room
D:9:      serial_ice, serial_ice_a, serial_ice_k, serial_ice_o, serial_ice_g,
          serial_ice_n, serial_ice_e, serial_ice_f
D:10:     orc_0_dummy, uniq_sonja
D:11:     erik_lair_orcish_takeover, nicolae_trove_entry_free_sample,
          serial_shops, shop, kennysheep_little_box, shop, nicolae_shop_stone,
          shop, grunt_livestock, lemuel_nasty_fountain
D:12:     uniq_frances
D:13:     grunt_decor_arrowhead, chequers_jeans, evilmike_minifort
D:14:     erik_vaults_2
D:15:     hangedman_depths_entry_try_elsewhere_first, minmay_misc_feat_doors
Temple:   dpeg_five_rooms_temple
Lair:1:   beast_lair_carwin_large_3
Lair:2:   minmay_lair_venomous_thicket, gauntlet_entry_generic,
          portal_ice_cave_entry_pillars_1
Lair:3:   dummy_snake_entry, nicolae_volcano_entry_lava_flow, special_room,
          lemuel_fruit_tree
Lair:4:   elwin_shoals_entry_stream
Lair:5:   dpeg_slime_entry_enclosed_altar, wad_woods_road_06,
          serial_bayou_shore_a, infiniplex_staircase_pool_2
Lair:6:   minmay_lair_end_enchanted_forest, grunt_megastairs_5,
          minmay_lair_oklob_chamber, lemuel_fruit_fields
Snake:1:  ebering_ghost_disaster_area, serial_shops, nicolae_shop_statue_plus
Snake:2:  nicolae_snake_hallway, basic_altar, nicolae_snake_horde_hoard,
          minmay_shop_grove, basic_stair_grate_trap
Snake:3:  basic_loot_grate_trap
Snake:4:  snake_pit_salamanders_mu, basic_altar, serial_shops,
          nicolae_shop_stone, st_stairs_2
Orc:2:    grunt_orc_tribal_feast
Trove:    trove_jewellery_lava
Volcano:  volcano_lake
Gauntlet: minmay_gauntlet_77_tree

Skill      XL: |  1  2  3  4  5  6  7  8  9 10 11 12 13 14 15 16 17 |
---------------+----------------------------------------------------+-----
Axes           | 4 5 6 8 10 12 14 16 17 19 20 22 23 24 | 24.6
Fighting       | 4 5 6 7 9 10 12 13 14 15 16 17 18 | 18.7
Armour         | 3 4 5 6 7 9 10 11 13 14 15 16 17 18 | 18.5
Dodging        | |  2.1

Action                   |  1- 3 |  4- 6 |  7- 9 | 10-12 | 13-15 | 16-18 || total
-------------------------+-------+-------+-------+-------+-------+-------++-------
Melee: Hand axe          |   130 |   136 |     3 |       |       |       ||   269
       Headbutt          |    13 |    31 |    67 |   118 |   190 |   103 ||   522
       War axe           |       |       |   240 |   152 |       |       ||   392
       Battleaxe         |       |       |       |   309 |   277 |       ||   586
       Quarterstaff      |       |       |       |    20 |       |       ||    20
       Kick              |       |       |       |    34 |    12 |       ||    46
       Executioner's axe |       |       |       |       |   580 |   452 ||  1032
Invok: Berserk           |       |       |       |     5 |     3 |     7 ||    15
       Trog's Hand       |       |       |       |     1 |       |     5 ||     6
       Brothers in Arms  |       |       |       |       |       |     9 ||     9
Evoke: Wand              |       |       |     1 |       |       |       ||     1
  Use: Scroll            |       |     5 |     5 |     5 |    12 |     5 ||    32
       Potion            |       |       |     1 |     6 |     2 |     4 ||    13
  Eat: Chunk             |     2 |     3 |    13 |    27 |    39 |    11 ||    95
       Ration            |       |       |       |     2 |     1 |     9 ||    12
Armor: Plate armour      |    83 |    98 |   184 |   320 |    84 |   253 ||  1022
       Animal skin       |     3 |       |       |       |       |       ||     3
       Chain mail        |       |       |       |       |   499 |    58 ||   557
Dodge: Dodged            |    53 |    31 |   123 |   206 |   375 |   189 ||   977
Block: Other             |       |       |       |       |    16 |    27 ||    43
       Reflection        |       |       |       |       |     1 |     3 ||     4

Table legend:
 A = Non-vault XP
 B = Vault XP
 C = Vault XP percentage of total XP
 D = Non-vault monster count
 E = Vault monster count
 F = Vault count percentage of total count
                 A         B        C        D         E       F
            +---------+---------+-------+---------+---------+-------
      Total |  160379 |  112531 |  41.2 |     665 |     329 |  33.1
            +---------+---------+-------+---------+---------+-------
        D:1 |      32 |       0 |   0.0 |      19 |       0 |   0.0
        D:2 |      37 |       9 |  19.6 |      13 |       6 |  31.6
        D:3 |      29 |      92 |  76.0 |      14 |       7 |  33.3
        D:4 |     228 |       0 |   0.0 |      11 |       0 |   0.0
        D:5 |     240 |     966 |  80.1 |      15 |       2 |  11.8
        D:6 |     176 |     496 |  73.8 |       7 |       6 |  46.2
        D:7 |    1422 |       0 |   0.0 |      31 |       0 |   0.0
        D:8 |    1178 |     594 |  33.5 |      28 |      16 |  36.4
        D:9 |    2105 |    1338 |  38.9 |      24 |      23 |  48.9
       D:10 |    2741 |     820 |  23.0 |      22 |       1 |   4.3
       D:11 |    2443 |    1561 |  39.0 |      14 |      13 |  48.1
       D:12 |    3391 |    2365 |  41.1 |      16 |       1 |   5.9
       D:13 |    6106 |    2670 |  30.4 |      32 |      10 |  23.8
       D:14 |   15471 |    7954 |  34.0 |      51 |       8 |  13.6
       D:15 |   15189 |    2305 |  13.2 |      36 |       4 |  10.0
     Lair:1 |    1501 |    2081 |  58.1 |       9 |      11 |  55.0
     Lair:2 |    4123 |    1103 |  21.1 |      13 |       5 |  27.8
     Lair:3 |    1771 |     958 |  35.1 |       7 |      12 |  63.2
     Lair:4 |    5816 |    1751 |  23.1 |      25 |       4 |  13.8
     Lair:5 |   11031 |       0 |   0.0 |      24 |       0 |   0.0
     Lair:6 |    5049 |   12696 |  71.5 |      18 |      57 |  76.0
    Snake:1 |   12119 |    2426 |  16.7 |      24 |       1 |   4.0
    Snake:2 |   28439 |   15136 |  34.7 |      48 |      37 |  43.5
    Snake:3 |   14309 |       0 |   0.0 |      27 |       0 |   0.0
    Snake:4 |   15321 |   40463 |  72.5 |      25 |      53 |  67.9
      Orc:1 |    7217 |       0 |   0.0 |      54 |       0 |   0.0
      Orc:2 |    2895 |    7521 |  72.2 |      58 |      30 |  34.1
    Volcano |       0 |    3658 | 100.0 |       0 |      14 | 100.0
   Gauntlet |       0 |    3568 | 100.0 |       0 |       8 | 100.0
            +---------+---------+-------+---------+---------+-------
